 Dungeon Crawl Stone Soup version 0.24.0-37-gcf1ca852f1 (webtiles) character file.

Game seed: 15265891470494370745, levelgen mode: deterministic

123 Iamsoldier the Charmwright (level 5, -8/43 HPs)
             Began as a Gnoll Skald on Nov 24, 2019.
             Was a Follower of Cheibriados.
             Mangled by an ogre
             ... wielding a +0 giant club
              (20 damage)
             ... on level 4 of the Dungeon.
             The game lasted 00:07:17 (2832 turns).

Iamsoldier the Charmwright (Gnoll Skald)            Turns: 2832, Time: 00:07:18

Health: -8/43      AC:  3    Str: 17    XL:     5   Next: 7%
Magic:  12/12      EV: 14    Int: 19    God:    Cheibriados [*.....]
Gold:   150        SH:  0    Dex: 17    Spells: 3/14 levels left

rFire    . . .     SeeInvis .   a - +0 spear
rCold    . . .     Gourm    .   (no shield)
rNeg     . . .     Faith    .   b - +0 leather armour
rPois    .         Spirit   .   (no helmet)
rElec    .         Reflect  .   (no cloak)
rCorr    .         Harm     .   (no gloves)
MR       .....                  (no boots)
Stlth    ++........             (no amulet)
HPRegen  0.14/turn              (no ring)
MPRegen  0.13/turn              (no ring)

@: about to teleport, very slow
A: distributed training, fangs 1, strong nose
a: Bend Time, Renounce Religion


You were on level 4 of the Dungeon.
You worshipped Cheibriados.
Cheibriados was aware of your devotion.
You were hungry.

You visited 1 branch of the dungeon, and saw 4 of its levels.

You collected 150 gold pieces.

Inventory:

Hand Weapons
 a - a +0 spear (weapon)
Armour
 b - a +0 leather armour (worn)
Jewellery
 g - an uncursed amulet of rage {unknown}
Scrolls
 c - a scroll of identify
 e - a scroll of remove curse {unknown}
 f - a scroll of fear {unknown}
 h - a scroll of magic mapping {unknown}
 l - a scroll of immolation
 p - a scroll of enchant armour {unknown}
Potions
 i - a potion of cancellation
 j - 2 potions of heal wounds
 m - a potion of lignification {unknown}
 n - a potion of curing {unknown}
 q - a potion of degeneration {unknown}
 r - a potion of resistance {unknown}
Comestibles
 d - 3 rations
 o - 9 chunks of flesh


   Skills:
 + Level 4.7 Fighting
 + Level 1.3 Short Blades
 + Level 1.3 Long Blades
 + Level 1.3 Axes
 + Level 1.3 Maces & Flails
 + Level 4.7 Polearms
 + Level 1.3 Staves
 + Level 1.3 Slings
 + Level 1.3 Bows
 + Level 1.3 Crossbows
 + Level 1.3 Throwing
 + Level 2.8 Armour
 + Level 4.7 Dodging
 + Level 1.3 Stealth
 + Level 1.3 Shields
 + Level 1.3 Unarmed Combat
 + Level 5.1 Spellcasting
 + Level 1.0 Conjurations
 + Level 1.0 Hexes
 + Level 5.5 Charms
 + Level 1.0 Summonings
 + Level 1.0 Necromancy
 + Level 1.0 Translocations
 + Level 1.0 Transmutations
 + Level 1.0 Fire Magic
 + Level 1.0 Ice Magic
 + Level 1.0 Air Magic
 + Level 1.0 Earth Magic
 + Level 1.0 Poison Magic
 + Level 1.4 Invocations
 + Level 1.3 Evocations


You had 3 spell levels left.
You knew the following spells:

 Your Spells              Type           Power        Failure   Level  Hunger
a - Infusion              Chrm           ####         1%          1    None
b - Shroud of Golubria    Chrm/Tloc      ###...       5%          2    #......
c - Spectral Weapon       Hex/Chrm       ###.....     11%         3    ##.....
d - Regeneration          Chrm/Necr      ###.......   11%         3    ##.....
e - Song of Slaying       Chrm           ####....     2%          2    #......

Your spell library contained the following spells:

 Spells                   Type           Power        Failure   Level  Hunger


Dungeon Overview and Level Annotations

Branches:
Dungeon (4/15)
 Temple: D:4-7

Altars:
Cheibriados
Fedhas
Gozag
Ru


Innate Abilities, Weirdness & Mutations

Your experience applies equally to all skills.
You have very sharp teeth.
Your uncanny sense of smell can sniff out nearby items.


Message History

o - 5 chunks of flesh (gained 4);
o - 9 chunks of flesh (gained 4)
Things that are here:
a +0 short sword; an orc skeleton x2
There is a stone staircase leading up here.
Found a stone staircase leading up.
Your spectral weapon fades away.
There is a stone staircase leading down here.
Your shroud begins to fray at the edges.
An ogre comes into view. It is wielding a +0 giant club.
Your shroud unravels.
You are feeling hungry.
The ogre hits you with a +0 giant club!
The ogre hits you with a +0 giant club!!
Ouch! That really hurt!
* * * LOW HITPOINT WARNING * * *
Okay, then.
As you read the scroll of teleportation, it crumbles to dust.
You feel strangely unstable.
The ogre hits you with a +0 giant club!!
You die...

#.# #.........# #.#
#.#.......#
#.###.#.#.....######.
#.)..<..>............
#####.#.#.....#######
#.#.##.#..#
#.#.####..#
#.#.<.....#
#....@O...#
###########


You could see an ogre.

Vanquished Creatures
  6 adders
  2 worms (D:2)
  A dart slug (D:3)
  4 orcs
  4 giant cockroaches
  6 goblins
  7 hobgoblins
  2 quokkas (D:2)
  9 bats
  3 frilled lizards
  8 kobolds
  10 rats
62 creatures vanquished.

Notes
Turn   | Place    | Note
-------+----------+-------------------------------------------
     0 | D:1      | Iamsoldier the Gnoll Skald began the quest for the Orb.
     0 | D:1      | Reached XP level 1. HP: 20/20 MP: 6/6
   396 | D:1      | Reached XP level 2. HP: 26/26 MP: 7/7
   403 | D:1      | Learned a level 2 spell: Shroud of Golubria
  1115 | D:2      | Reached XP level 3. HP: 31/31 MP: 3/9
  1120 | D:2      | Learned a level 3 spell: Spectral Weapon
  1124 | D:2      | Learned a level 3 spell: Regeneration
  1170 | D:2      | Found a snail-covered altar of Cheibriados.
  1177 | D:2      | Reached skill level 5 in Spellcasting
  1188 | D:2      | Became a worshipper of Cheibriados the Contemplative
  1230 | D:2      | Found a faded altar of an unknown god.
  1277 | D:2      | Reached skill level 1 in Invocations
  1547 | D:2      | Reached skill level 1 in Short Blades
  1547 | D:2      | Reached skill level 1 in Long Blades
  1547 | D:2      | Reached skill level 1 in Axes
  1547 | D:2      | Reached skill level 1 in Maces & Flails
  1547 | D:2      | Reached skill level 1 in Staves
  1547 | D:2      | Reached skill level 1 in Slings
  1547 | D:2      | Reached skill level 1 in Bows
  1547 | D:2      | Reached skill level 1 in Crossbows
  1547 | D:2      | Reached skill level 1 in Throwing
  1547 | D:2      | Reached skill level 1 in Stealth
  1547 | D:2      | Reached skill level 1 in Shields
  1547 | D:2      | Reached skill level 1 in Unarmed Combat
  1547 | D:2      | Reached skill level 1 in Evocations
  1547 | D:2      | Reached XP level 4. HP: 29/38 MP: 2/11
  1762 | D:2      | Found a blossoming altar of Fedhas.
  1938 | D:2      | Found a sacrificial altar of Ru.
  1938 | D:2      | Found an opulent altar of Gozag.
  1990 | D:3      | Reached * piety under Cheibriados
  2167 | D:3      | Learned a level 2 spell: Song of Slaying
  2265 | D:3      | Reached skill level 1 in Conjurations
  2265 | D:3      | Reached skill level 1 in Hexes
  2265 | D:3      | Reached skill level 1 in Summonings
  2265 | D:3      | Reached skill level 1 in Necromancy
  2265 | D:3      | Reached skill level 1 in Translocations
  2265 | D:3      | Reached skill level 1 in Transmutations
  2265 | D:3      | Reached skill level 1 in Fire Magic
  2265 | D:3      | Reached skill level 1 in Ice Magic
  2265 | D:3      | Reached skill level 1 in Air Magic
  2265 | D:3      | Reached skill level 1 in Earth Magic
  2265 | D:3      | Reached skill level 1 in Poison Magic
  2568 | D:3      | Reached XP level 5. HP: 43/43 MP: 6/12
  2820 | D:4      | Noticed an ogre
  2832 | D:4      | Mangled by an ogre

Levels and vault maps discovered:
D:1:      mrwooster_arrival_statue_2, layout_basic, serial_park_tiny_1,
          columned_hall_lemuel
D:2:      layout_loops_ring, nicolae_overflow_crystal_walls,
          overflow_temple_1_default, minitemple, first_ration,
          chequers_ecumenical_altar_simple
D:3:      layout_rooms
D:4:      layout_loops_corners

Skill      XL: |  1  2  3  4 |
---------------+-------------+-----
Spellcasting   | 5 |  5.1
Invocations    | 1 |  1.4
Short Blades   | 1 |  1.3
Long Blades    | 1 |  1.3
Axes           | 1 |  1.3
Maces & Flails | 1 |  1.3
Staves         | 1 |  1.3
Slings         | 1 |  1.3
Bows           | 1 |  1.3
Crossbows      | 1 |  1.3
Throwing       | 1 |  1.3
Stealth        | 1 |  1.3
Shields        | 1 |  1.3
Unarmed Combat | 1 |  1.3
Evocations     | 1 |  1.3
Conjurations   | 1 |  1.0
Hexes          | 1 |  1.0
Summonings     | 1 |  1.0
Necromancy     | 1 |  1.0
Translocations | 1 |  1.0
Transmutations | 1 |  1.0
Fire Magic     | 1 |  1.0
Ice Magic      | 1 |  1.0
Air Magic      | 1 |  1.0
Earth Magic    | 1 |  1.0
Poison Magic   | 1 |  1.0
Fighting       | |  4.7
Polearms       | |  4.7
Armour         | |  2.8
Dodging        | |  4.7
Charms         | |  5.5

Action                   |  1- 3 |  4- 6 || total
-------------------------+-------+-------++-------
Melee: Spear             |    85 |    54 ||   139
       Bite              |     3 |     3 ||     6
       Punch             |       |     1 ||     1
 Cast: Infusion          |    12 |    13 ||    25
       Spectral Weapon   |     2 |     6 ||     8
       Shroud of Golubri |     2 |     4 ||     6
  Use: Scroll            |       |     5 ||     5
 Stab: Sleeping          |       |     3 ||     3
  Eat: Chunk             |     2 |     3 ||     5
Armor: Leather armour    |    11 |     6 ||    17
Dodge: Dodged            |    48 |    27 ||    75
